 Dungeon Crawl Stone Soup version 0.30-a0-879-ga8ba668304 (webtiles) character file.

Game seed: 11579539476753682476

509 Axe the Ruffian (level 6, -2/56 HPs)
             Began as a Minotaur Chaos Knight on Mar 12, 2023.
             Was a Plaything of Xom.
             Slain by Pikel
             ... wielding a +1 whip of freezing
              (4 damage)
             ... on level 5 of the Dungeon.
             The game lasted 00:04:41 (3014 turns).

Axe the Ruffian (Minotaur Chaos Knight)             Turns: 3014, Time: 00:04:42

Health: -2/56      AC: 10    Str: 18    XL:     6   Next: 98%
Magic:  5/5        EV:  8    Int:  9    God:    Xom [..*...]
Gold:   297        SH:  0    Dex: 10    Spells: 5/5 levels left

rFire   . . .      SeeInvis +      - Unarmed
rCold   . . .      Faith    .    (no shield)
rNeg    . . .      Spirit   .    j - +0 chain mail
rPois   .          Reflect  .    (helmet restricted)
rElec   .          Rampage  .    (no cloak)
rCorr   .                        o - +0 pair of gloves
Will    .....                    (no boots) Stlth
                                 s - amulet of the acrobat
HPRegen 0.29/turn                g - ring of see invisible
MPRegen 0.09/turn                (no ring)

@: mighty
A: horns 2, retaliatory headbutt
a: Renounce Religion


You were on level 5 of the Dungeon.
You worshipped Xom.
You were a toy of Xom.
You visited 1 branch of the dungeon, and saw 5 of its levels.

You collected 297 gold pieces.

Inventory:

Armour
 j - a +0 chain mail (worn)
 o - a +0 pair of gloves (worn)
Jewellery
 g - a ring of see invisible (left hand)
 l - a ring of ice
 s - an amulet of the acrobat (around neck)
Scrolls
 a - a scroll of fog
 f - 5 scrolls of identify
 i - 2 scrolls of magic mapping
 k - a scroll of brand weapon {unknown}
 p - a scroll of torment {unknown}
 r - a scroll of amnesia
Potions
 c - 3 potions of mutation
 d - 2 potions of might
 e - 2 potions of magic {unknown}
 h - a potion of resistance
 m - 2 potions of lignification {unknown}
 n - a potion of curing
 q - 2 potions of brilliance {unknown}
 t - a potion of ambrosia {unknown}
Miscellaneous
 b - a piece from Xom's chessboard (15/15) (quivered)


   Skills:
 + Level 5.1 Fighting
 + Level 4.1 Armour
 + Level 3.2 Dodging
 * Level 5.8 Unarmed Combat
 + Level 2.4 Evocations


You had 5 spell levels left.
You didn't know any spells.
Your spell library contained the following spells:

 Spells                   Type           Power      Damage    Failure   Level
 Apportation              Tloc           0%         N/A       99%         1
 Necrotise                Necr           0%         1d4       99%         1
 Summon Small Mammal      Summ           0%         N/A       99%         1


Dungeon Overview and Level Annotations

Branches:
Dungeon (5/15)             Temple (0/1) D:5

Altars:
Nemelex Xobeh
Qazlal
Trog
Uskayaw

Shops:
D:2 *   D:4 *   D:5 (

Annotations:
D:5 Pikel


Innate Abilities, Weirdness & Mutations

You have a pair of horns on your head.
You reflexively headbutt those who attack you in melee.


Message History

Pikel hits you with a +1 whip of freezing.
Pikel freezes you. The lemure hits you.
You are too injured to fight recklessly!
You are too injured to fight recklessly!
You are too injured to fight recklessly!
You are too injured to fight recklessly!
You are too injured to fight recklessly!
You are too injured to fight recklessly!
You are too injured to fight recklessly!
The lemure attacks as you move away! The lemure hits you but does no damage.
Pikel attacks as you move away! Pikel barely misses you.
Pikel says, "You'll make a fine lemure."
You closely miss Pikel. Your headbutt misses Pikel.
It was a potion of might.
You feel very mighty all of a sudden. Pikel hits you but does no damage.
You hit Pikel but do no damage.
Pikel hits you with a +1 whip of freezing!
Pikel freezes you.
You barely miss Pikel. You headbutt Pikel.
Pikel is lightly wounded.
Pikel hits you with a +1 whip of freezing.
* * * LOW HITPOINT WARNING * * *
Pikel freezes you.
* * * LOW HITPOINT WARNING * * *
You hit Pikel. Your headbutt misses Pikel.
Pikel is moderately wounded.
Pikel barely misses you.
You barely miss Pikel. Your headbutt misses Pikel. Your punch misses Pikel.
Pikel is moderately wounded.
Pikel hits you with a +1 whip of freezing!
* * * LOW HITPOINT WARNING * * *
Pikel freezes you.
* * * LOW HITPOINT WARNING * * *
You feel better.
Pikel hits you with a +1 whip of freezing!
* * * LOW HITPOINT WARNING * * *
Pikel freezes you.
You die...
Xom howls with laughter!

.........###+#**..#.#*
*,,,**** ..#....#.# #.# *....#
*,*** .....).#.###†###..#**
*,* .................#* *,*
........####....## *,*
........#**#.##.# *****,*
..........#..##.## *,,,,,*
..#...###.#.###.$# *,,,,,*
........*,..**##@# *,∩,,**
........#.#.,,*#K# *,,,,*
........#.##*,,#5# **,,**
...<....*,* *#.55#**,,,*
........,,***##..#*,,***
.###.#.#,,,,,,...#,,*********
.....#.#,#***#....*,*,*,*,*,**
.##..#.#.# #...#,*,*,*,*,*,*
.........# #....*,*,*,*,*,**


You could see Pikel and 3 lemures.

Vanquished Creatures
  2 phantoms
  Blork the orc (D:3)
  A killer bee (D:3)
  2 iguanas
  Terence (D:2)
  7 adders
  A dart slug (D:3)
  11 orcs
  8 endoplasms
  6 giant cockroaches
  6 goblins
  4 hobgoblins
  4 quokkas
  8 ball pythons
  7 bats
  3 frilled lizards
  8 kobolds
  5 rats
85 creatures vanquished.

Vanquished Creatures (others)
  An orc priest (D:3)
  A goblin (D:3)
2 creatures vanquished.

Grand Total: 87 creatures vanquished

Notes
Turn   | Place    | Note
-------+----------+-------------------------------------------
     0 | D:1      | Axe the Minotaur Chaos Knight began the quest for the Orb.
     0 | D:1      | Reached XP level 1. HP: 19/19 MP: 0/0
    17 | D:1      | XOM: potion effect (haste)
    74 | D:1      | Reached XP level 2. HP: 26/27 MP: 1/1
    80 | D:1      | XOM: silly message
   268 | D:1      | XOM: blink monster(s)
   356 | D:1      | You fall into a shaft and drop 1 floor!
   381 | D:2      | Noticed Terence
   396 | D:2      | Killed Terence
   397 | D:2      | Reached skill level 1 in Evocations
   397 | D:2      | Reached XP level 3. HP: 19/33 MP: 2/2
   414 | D:2      | Found Waluawul's Assorted Antiques.
   599 | D:1      | Found a faded altar of an unknown god.
   686 | D:1      | Reached XP level 4. HP: 40/40 MP: 3/3
  1212 | D:2      | XOM: stat loss: -1 Str (17/18)
  1273 | D:2      | XOM: god gift: glowing sapphire ring {god gift}
  1332 | D:3      | XOM: cleaving
  1335 | D:3      | XOM: scenery: summon butterflies
  1342 | D:3      | XOM: divine lightning
  1352 | D:3      | XOM: destruction
  1781 | D:3      | Reached XP level 5. HP: 46/47 MP: 4/4
  1980 | D:3      | XOM: noise
  2131 | D:4      | Noticed Natasha
  2131 | D:4      | Noticed a phantom
  2132 | D:4      | Natasha changed into Natasha the killer bee
  2132 | D:4      | Noticed Natasha
  2132 | D:4      | XOM: polymorph Natasha -> Natasha the killer bee
  2151 | D:3      | Killed a phantom
  2152 | D:3      | Reached skill level 5 in Unarmed Combat
  2163 | D:3      | Killed Natasha the killer bee
  2164 | D:3      | Reached XP level 6. HP: 36/53 MP: 5/5
  2226 | D:4      | Noticed Blork the orc
  2234 | D:3      | XOM: enchant monster (good)
  2241 | D:3      | XOM: summons 4 friendly demons
  2244 | D:3      | Killed Blork the orc
  2250 | D:4      | XOM: smoke on damage
  2361 | D:4      | Noticed a fire elemental
  2368 | D:4      | Found a stormy altar of Qazlal.
  2369 | D:4      | Noticed an air elemental
  2369 | D:4      | Noticed a water elemental
  2394 | D:4      | Found Guabusoamp's Assorted Antiques.
  2394 | D:4      | XOM: 7-stop teleportation journey
  2547 | D:4      | XOM: 3-stop teleportation journey
  2749 | D:5      | Entered Level 5 of the Dungeon
  2772 | D:5      | XOM is BORED!
  2772 | D:5      | XOM: 1-stop teleportation journey
  2774 | D:5      | Found Kulimp's Antique Weapon Boutique.
  2785 | D:5      | Reached skill level 5 in Fighting
  2823 | D:5      | Identified the +5 leather armour "Meseaton" {Fly Int+2}
  2866 | D:5      | Found a sparkling altar of Nemelex Xobeh.
  2872 | D:5      | Found a bloodstained altar of Trog.
  2925 | D:5      | Found a staircase to the Ecumenical Temple.
  2974 | D:5      | Found a hide-covered altar of Uskayaw.
  3001 | D:5      | Noticed Pikel
  3014 | D:5      | HP: 2/56 [Pikel/+1 whip of freezing (8)]
  3014 | D:5      | Slain by Pikel

Illustrated notes

Levels and vault maps discovered:
D:1:      evilmike_arrival_plus, layout_loops_ring, basic_ecumenical_altar
D:2:      layout_basic, serial_shops, nicolae_shop_behind_doors,
          hangedman_decor_push, uniq_terence
D:3:      layout_loops_cross, minmay_misc_feat_alley
D:4:      layout_rooms, kennysheep_little_box, nicolae_qazlal_style_of_elements,
          serial_shops, shop, hangedman_glass_teeth,
          chequers_serial_rivers_micro_d, uniq_blork_the_orc, uniq_natasha
D:5:      layout_rooms, mainiacjoe_overflow_catwalk_spiral, okawaru_gym_becter,
          grunt_temple_overflow_open, lemuel_doored_altar, temple_green,
          serial_shops, shop, shop_coins, nicolae_shop_behind_doors,
          minivault_23, uniq_pikel

Skill      XL: |  1  2  3  4  5  6 |
---------------+-------------------+-----
Fighting       | 4 5 |  5.1
Armour         | 3 4 |  4.1
Unarmed Combat | 4 5 |  5.8
Evocations     | 1 2 |  2.4
Dodging        | 2 3 |  3.2

Action                     |  1- 3 |  4- 6 || total
---------------------------+-------+-------++-------
  Melee: Unarmed           |    75 |   168 ||   243
         Headbutt          |     9 |    26 ||    35
         Punch             |       |     6 ||     6
  Evoke: Piece from Xom's  |     1 |     1 ||     2
    Use: Scroll            |       |     6 ||     6
         Potion            |       |     2 ||     2
   Stab: Confused          |     1 |       ||     1
 Armour: Leather armour    |    15 |       ||    15
         Chain mail        |     5 |    79 ||    84
  Dodge: Dodged            |    43 |    65 ||   108

Table legend: (Time is in decaauts)
 A = Elapsed time spent in this place.
 B = Non-inter-level travel time spent in this place.
 C = Inter-level travel time spent in this place.
 D = Time resting spent in this place.
 E = Time spent auto-exploring this place.
 F = Levels seen in this place.
 G = Mean time per level.
                   A        B        C        D        E       F      G
               +--------+--------+--------+--------+--------+-----+--------+
         Total |   2976 |   2933 |     43 |    119 |   2213 |   5 |  595.2 |
       Dungeon |   2976 |   2933 |     43 |    119 |   2213 |   5 |  595.2 |
               +--------+--------+--------+--------+--------+-----+--------+

Top non-repeatable levels by time:
     D:3: 903 daAuts
     D:1: 670 daAuts
     D:2: 629 daAuts
     D:4: 511 daAuts
     D:5: 262 daAuts
